 Dungeon Crawl Stone Soup version 0.19.1-1-g22dce08 (webtiles) character file.

12782 Haldmier the Martial Artist (level 11, -2/58 HPs)
             Began as a Vine Stalker Transmuter on Jan 2, 2017.
             Was an Elder of Yredelemnul.
             Slain by a spiny frog (11 damage)
             ... on level 9 of the Dungeon.
             The game lasted 01:42:18 (16693 turns).

Haldmier the Martial Artist (VSTm)                 Turns: 16693, Time: 01:42:19

Health: -2/58      AC:  8    Str: 13    XL:     11   Next: 98%
Magic:  0/27       EV: 10    Int: 16    God:    Yredelemnul [****..]
Gold:   376        SH:  3    Dex: 15    Spells: 6 memorised, 3 levels left

rFire  . . .     SeeInvis .       - Unarmed
rCold  + . .     Gourm    .     C - +0 troll leather armour
rNeg   . . .     Faith    .     (no shield)
rPois  +         Spirit   +     (no helmet)
rElec  .         Reflect  +     (no cloak)
rCorr  .         Harm     .     O - +1 pair of gloves
MR     +....                    S - +1 pair of boots
Stlth  +.........               w - +3 amulet of reflection
                                Y - ring of poison resistance
                                T - ring of magical power

@: appendage (expiring), very heavily drained
A: fangs 3, horns 2, cold resistance 1, regeneration 1, magic shield, antimagic
bite, no device heal 3, rot immunity
a: End Transformation, Recall Undead Slaves, Injury Mirror, Animate Dead, Drain
Life, Renounce Religion


You were on level 9 of the Dungeon.
You worshipped Yredelemnul.
Yredelemnul was greatly pleased with you.
You were not hungry.
You had grown temporary horns.
You visited 4 branches of the dungeon, and saw 16 of its levels.

You collected 670 gold pieces.
You spent 294 gold pieces at shops.

Inventory:

Hand Weapons
 I - a +0 hand axe of flaming
 K - a +3 shortbow of freezing
Missiles
 a - 179 arrows
 s - a throwing net (quivered)
 G - 4 javelins
 Q - 9 tomahawks
 W - 2 tomahawks of returning
Armour
 z - a +2 robe of fire resistance
 C - a +0 troll leather armour (worn)
 D - a +1 robe of the Archmagi
 O - a +1 pair of gloves (worn)
 S - a +1 pair of boots (worn)
Magical Staves
 b - an uncursed staff of poison
Jewellery
 p - an uncursed ring of flight
 r - an uncursed ring of protection from magic
 w - a +3 amulet of reflection (around neck)
 H - an uncursed ring of fire
 L - an uncursed ring of fire
 T - a ring of magical power (left hand)
 Y - a ring of poison resistance (right hand)
Wands
 M - a wand of lightning (3/15)
 R - a wand of iceblast (8/15)
 U - a wand of slowing (19/48)
Scrolls
 e - 6 scrolls of remove curse
 g - 2 scrolls of fear
 m - a scroll of fog
 n - 3 scrolls of teleportation
 v - 3 scrolls of magic mapping
 y - 3 scrolls of identify
 P - a scroll of acquirement {unknown}
 X - a scroll of holy word {unknown}
Potions
 h - 2 potions of agility
 x - 2 potions of lignification
 A - 2 potions of magic
 F - 6 potions of curing
 J - 3 potions of haste
 V - a potion of brilliance {unknown}
Books
 c - a book of Changes

   Spells                             Type                      Level
   a - Beastly Appendage              Transmutation                1
   b - Sticks to Snakes               Transmutation                2
   c - Spider Form                    Transmutation/Poison         3
   d - Ice Form                       Ice/Transmutation            4
   e - Blade Hands                    Transmutation                5
 f - a book of Minor Magic

   Spells                             Type                      Level
   a - Magic Dart                     Conjuration                  1
   b - Blink                          Translocation                2
   c - Call Imp                       Summoning                    2
   d - Repel Missiles                 Charms/Air                   2
   e - Slow                           Hexes                        2
   f - Conjure Flame                  Conjuration/Fire             3
   g - Mephitic Cloud                 Conjuration/Poison/Air       3
 j - a book of Flames

   Spells                             Type                      Level
   a - Flame Tongue                   Conjuration/Fire             1
   b - Throw Flame                    Conjuration/Fire             2
   c - Conjure Flame                  Conjuration/Fire             3
   d - Inner Flame                    Hexes/Fire                   3
   e - Sticky Flame                   Conjuration/Fire             4
   f - Fireball                       Conjuration/Fire             5
 q - a book of Conjurations

   Spells                             Type                      Level
   a - Magic Dart                     Conjuration                  1
   b - Searing Ray                    Conjuration                  2
   c - Dazzling Spray                 Conjuration/Hexes            3
   d - Fulminant Prism                Conjuration/Hexes            4
   e - Iskenderun's Mystic Blast      Conjuration                  4
   f - Iskenderun's Battlesphere      Conjuration/Charms           5
 B - a book of Maledictions

   Spells                             Type                      Level
   a - Corona                         Hexes                        1
   b - Ensorcelled Hibernation        Hexes/Ice                    2
   c - Confuse                        Hexes                        3
   d - Tukima's Dance                 Hexes                        3
   e - Dazzling Spray                 Conjuration/Hexes            3
Comestibles
 d - 8 bread rations
 l - 7 meat rations
 N - 7 fruits


   Skills:
 + Level 7.0(0.7) Fighting
 + Level 3.0(0.0) Dodging
 - Level 4.0(0.0) Stealth
 * Level 11.2(4.2) Unarmed Combat
 - Level 4.0(0.0) Spellcasting
 - Level 3.0(0.0) Charms
 - Level 4.0(0.0) Translocations
 * Level 9.6(2.8) Transmutations
 - Level 3.0(0.0) Air Magic
 - Level 2.0(0.0) Poison Magic
 + Level 3.0(0.0) Invocations
 + Level 2.0(0.0) Evocations


You had 3 spell levels left.
You knew the following spells:

 Your Spells              Type           Power        Failure   Level  Hunger
a - Beastly Appendage     Tmut           #.....       12%         1    ##.....
b - Sticks to Snakes      Tmut           #.......     17%         2    ###....
c - Spider Form           Tmut/Pois      #.........   67%         3    ####...
d - Blink                 Tloc           N/A          50%         2    ###....
e - Repel Missiles        Chrm/Air       #.....       50%         2    ###....
f - Blade Hands           Tmut           #.........   100%        5    ######.


Dungeon Overview and Level Annotations

Branches:
Dungeon (11/15)            Temple (1/1) D:6            Lair (2/6) D:9
    Orc (2/2) D:10
  Swamp: Lair:2-4    Shoals: Lair:2-4     Snake: Lair:2-4    Spider: Lair:2-4
    Elf: Orc:2

Altars:
Ashenzari
Cheibriados
Dithmenos
Elyvilon
Fedhas
Gozag
Hepliaklqana
Kikubaaqudgha
Makhleb
Nemelex Xobeh
Okawaru
Qazlal
Ru
Sif Muna
Trog
Uskayaw
Vehumet
Xom
Yredelemnul
Zin
The Shining One

Shops:
D:7 [   D:8 [   D:9 [   D:10 *[(

Annotations:
D:6 Ell
D:7 exclusion: downstairs
D:9 Erica
Lair:1 Sonja


Innate Abilities, Weirdness & Mutations

You have razor-sharp teeth.
Your natural rate of healing is unusually fast.
When hurt, damage is shared between your health and your magic reserves.
Your bite disrupts and absorbs the magic of your enemies.
Potions and wands cannot restore your health.
You are immune to rotting.
You have a pair of horns on your head.
Your flesh is cold resistant. (rC+)


Message History

The spiny frog is lightly wounded.
The spiny frog stings you!!
Your ball python bites the spiny frog but does no damage.
Your ball python constricts the spiny frog.
You take 14 damage, and have 32/58 hp.
MASSIVE DAMAGE!!
You now have 14/27 mp.
You hit the spiny frog.
The spiny frog is moderately wounded.
The spiny frog stings you!
Your ball python bites the spiny frog but does no damage.
Your ball python constricts the spiny frog.
You take 10 damage, and have 22/58 hp.
You now have 10/27 mp.
You hit the spiny frog but do no damage.
The spiny frog is moderately wounded.
The spiny frog stings you!!
* * * LOW HITPOINT WARNING * * *
Your ball python bites the spiny frog but does no damage.
Your ball python constricts the spiny frog.
The spiny frog stings you!
You die...
Your body rises from the dead as a mindless zombie.

#...# #...# #############
#...########...........#
#............########..#
#...###############...## ##...#
#.........###
#....#######.#########
#######...H##...S..########## ##
..............(F@...........####.
#.......##..######...######......
#..........## #...# ######.
#.......#### ##...### #..
#.......# ##......## #..
#.......# #.....#..#######.#
#.......########.######....##...#
..................# ####.#...##
......[.######.##.# #.#.#.#


You could see a hippogriff (wandering), a spiny frog and a friendly ball python.

Vanquished Creatures
  The ghost of esteth the Cleaver, a journeyman MiFi of Cheibriados (Lair:1)
  Joseph (D:9)
  Psyche (D:8)
  2 black mambas (Lair:1)
  A rime drake (Lair:1)
  A troll (D:8)
  19 yaks
  A wyvern (D:9)
  4 water moccasins
  6 sky beasts
  8 orc warriors
  2 ice beasts
  A black bear (D:8)
  6 ogres
  3 phantoms
  7 centaurs
  4 crocodiles
  4 big kobolds
  6 bullfrogs
  2 wyvern skeletons
  16 killer bees
  A scorpion (D:9)
  8 wights (D:10)
  4 howler monkeys
  5 crimson imps
  2 centaur zombies
  8 hounds
  A jelly (D:6)
  A bullfrog skeleton (D:5)
  8 orc priests
  3 iguanas
  10 orc wizards
  9 worker ants
  A hound zombie (D:5)
  A howler monkey skeleton (D:5)
  8 adders
  3 shadow imps
  An ooze (D:3)
  7 worms
  3 dart slugs
  A leopard gecko (D:6)
  31 orcs
  4 bats
  10 giant cockroaches
  15 goblins
  11 hobgoblins
  13 jackals
  4 quokkas
  4 ball pythons
  8 frilled lizards
  A giant cockroach zombie (D:5)
  16 kobolds
  3 quokka skeletons
  6 rats
307 creatures vanquished.

Vanquished Creatures (collateral kills)
  A gargoyle (D:10)
  A hippogriff (D:10)
  An ogre (D:8)
  A bullfrog (D:10)
  A killer bee (D:8)
  A howler monkey (D:7)
  A jelly (D:6)
  An adder (D:2)
  A bat (D:2)
  A hobgoblin (D:2)
10 creatures vanquished.

Vanquished Creatures (others)
  A wight (D:10)
  A fungus (Lair:1)
  A plant (D:6)
3 creatures vanquished.

Grand Total: 320 creatures vanquished

Notes
Turn   | Place    | Note
-------+----------+-------------------------------------------
     0 | D:1      | Haldmier the Vine Stalker Transmuter began the quest for the Orb.
     0 | D:1      | Reached XP level 1. HP: 9/9 MP: 4/4
   246 | D:1      | Reached skill level 1 in Fighting
   246 | D:1      | Reached XP level 2. HP: 14/14 MP: 4/6
   253 | D:1      | Learned a level 2 spell: Sticks to Snakes
   812 | D:1      | Reached XP level 3. HP: 18/18 MP: 5/7
  1271 | D:1      | Learned a level 3 spell: Spider Form
  1566 | D:2      | Found a sparkling altar of Nemelex Xobeh.
  1566 | D:2      | Found a hide-covered altar of Uskayaw.
  1595 | D:2      | Found a white marble altar of Elyvilon.
  1599 | D:2      | Found a snail-covered altar of Cheibriados.
  1600 | D:2      | Found a shattered altar of Ashenzari.
  2460 | D:3      | Reached skill level 1 in Poison Magic
  2488 | D:3      | Gained mutation: Your natural rate of healing is unusually fast. [Vine Stalker growth]
  2488 | D:3      | Reached XP level 4. HP: 18/22 MP: 6/8
  2933 | D:3      | Reached skill level 4 in Unarmed Combat
  3061 | D:2      | Reached XP level 5. HP: 25/26 MP: 7/9
  3839 | D:4      | Found a stormy altar of Qazlal.
  3954 | D:4      | Reached XP level 6. HP: 26/30 MP: 10/10
  4264 | D:4      | Found a shimmering altar of Xom.
  4264 | D:4      | Found a shimmering altar of Xom.
  4268 | D:4      | Found a shimmering altar of Xom.
  4268 | D:4      | Found a shimmering altar of Xom.
  4268 | D:4      | Found a shimmering altar of Xom.
  4285 | D:4      | Found a shimmering altar of Xom.
  4285 | D:4      | Found a shimmering altar of Xom.
  4653 | D:5      | Entered Level 5 of the Dungeon
  4718 | D:5      | Reached skill level 5 in Unarmed Combat
  4877 | D:5      | Reached XP level 7. HP: 9/35 MP: 11/11
  4992 | D:5      | Reached skill level 6 in Unarmed Combat
  5191 | D:5      | Gained mutation: You have razor-sharp teeth. [Vine Stalker growth]
  5191 | D:5      | Reached XP level 8. HP: 23/42 MP: 5/12
  5227 | D:5      | Reached skill level 5 in Transmutations
  5470 | D:5      | Reached skill level 7 in Unarmed Combat
  5588 | D:5      | Found a glowing silver altar of Zin.
  5774 | D:6      | Found a staircase to the Ecumenical Temple.
  5779 | Temple   | Entered the Ecumenical Temple
  6062 | Temple   | Became a worshipper of Yredelemnul the Dark
  6889 | D:6      | Found a glowing golden altar of the Shining One.
  7008 | D:6      | Reached skill level 8 in Unarmed Combat
  7184 | D:6      | Reached skill level 5 in Fighting
  7184 | D:6      | Reached XP level 9. HP: 20/47 MP: 5/13
  7930 | D:7      | Reached * piety under Yredelemnul
  8129 | D:7      | Reached skill level 9 in Unarmed Combat
  8655 | D:7      | Gained mutation: Your flesh is cold resistant. (rC+) [potion of beneficial mutation]
  8659 | D:7      | Learned a level 2 spell: Blink
  8662 | D:7      | Learned a level 2 spell: Repel Missiles
  8856 | D:8      | Reached skill level 1 in Stealth
  8920 | D:8      | Reached XP level 10. HP: 27/53 MP: 6/16
  8943 | D:8      | Reached skill level 1 in Charms
  8943 | D:8      | Reached skill level 1 in Air Magic
  8949 | D:8      | Noticed Psyche
  8955 | D:8      | Killed Psyche
  9130 | D:8      | Reached ** piety under Yredelemnul
  9258 | D:8      | Reached skill level 1 in Translocations
  9855 | D:8      | Found Zuedyago's Antique Armour Shoppe.
 10173 | D:8      | Reached skill level 10 in Unarmed Combat
 10292 | D:8      | Learned a level 5 spell: Blade Hands
 10317 | D:9      | Found Vaot's Antique Armour Shop.
 10460 | D:9      | Bought a pair of runed gloves for 294 gold pieces
 10540 | D:9      | Noticed Erica
 10684 | D:9      | Noticed Joseph
 10772 | D:9      | Killed Joseph
 10783 | D:9      | Got a polished leather armour
 10815 | D:9      | Identified the cursed +0 leather armour of Numnukuck {Str+7} (You found it on level 9 of the Dungeon)
 10821 | D:9      | Found a staircase to the Lair.
 10905 | D:9      | Reached XP level 11. HP: 39/57 MP: 11/18
 10990 | D:9      | Reached *** piety under Yredelemnul
 11262 | Lair:1   | Entered Level 1 of the Lair of Beasts
 11432 | Lair:1   | Reached skill level 1 in Invocations
 11451 | Lair:1   | Reached skill level 1 in Evocations
 11759 | Lair:1   | Noticed esteth's ghost (journeyman MiFi)
 11834 | Lair:1   | Killed esteth's ghost
 11945 | Lair:1   | Noticed Sonja
 12577 | D:10     | Entered Level 10 of the Dungeon
 12862 | D:10     | Reached skill level 11 in Unarmed Combat
 13000 | D:10     | Found Pumith's Armour Shoppe.
 13173 | D:10     | Found a staircase to the Orcish Mines.
 13178 | D:10     | Found Kaigasamp's Weapon Shoppe.
 13330 | D:10     | Received a gift from Yredelemnul (a wight)
 14061 | D:10     | Found a snail-covered altar of Cheibriados.
 14478 | D:10     | Reached **** piety under Yredelemnul
 14660 | D:10     | Found Vontoo's Assorted Antiques.
 15101 | Orc:1    | Entered Level 1 of the Orcish Mines
 15130 | Orc:2    | Entered Level 2 of the Orcish Mines
 15130 | Orc:2    | Noticed an orc knight
 15134 | Orc:2    | Noticed an orc sorcerer
 15677 | D:11     | Noticed a purple ugly thing
 16693 | D:9      | Slain by a spiny frog

Skill      XL: |  1  2  3  4  5  6  7  8  9 10 11 |
---------------+----------------------------------+-----
Fighting       | 1 2 3 5 6 7 |  7.0
Transmutations | 3 4 5 7 8 9 |  9.6
Poison Magic   | 1 2 |  2.0
Unarmed Combat | 4 5 6 8 9 10 11 | 11.2
Spellcasting   | 3 4 |  4.0
Stealth        | 1 3 4 |  4.0
Charms         | 2 3 |  3.0
Air Magic      | 3 |  3.0
Translocations | 2 4 |  4.0
Invocations    | 3 |  3.0
Evocations     | 2 |  2.0
Dodging        | 3 |  3.0

Action                   |  1- 3 |  4- 6 |  7- 9 | 10-12 || total
-------------------------+-------+-------+-------+-------++-------
Melee: Unarmed           |   152 |   217 |   369 |   771 ||  1509
       Kick              |    21 |    31 |    35 |       ||    87
       Bite              |    26 |    65 |    78 |   223 ||   392
       Headbutt          |    12 |    18 |    14 |   140 ||   184
       Punch             |     2 |     4 |     6 |    26 ||    38
 Fire: Shortbow          |       |       |     5 |       ||     5
Throw: Stone             |     7 |       |       |       ||     7
 Cast: Beastly Appendage |    40 |    41 |    43 |    97 ||   221
       Sticks to Snakes  |     6 |     8 |     8 |    73 ||    95
       Spider Form       |       |       |    11 |    22 ||    33
       Repel Missiles    |       |       |     1 |       ||     1
       Blink             |       |       |       |     2 ||     2
 Abil: End Transformatio |       |       |       |     1 ||     1
Evoke: Wand              |       |       |       |     8 ||     8
  Use: Potion            |     2 |       |     1 |       ||     3
       Scroll            |       |     8 |    13 |     7 ||    28
 Stab: Sleeping          |     1 |       |     2 |     1 ||     4
       Distracted        |       |       |       |     4 ||     4
  Eat: Chunk             |     6 |     9 |     8 |    36 ||    59
       Beef jerky        |       |       |     2 |     2 ||     4
       Meat ration       |       |       |     1 |       ||     1
Armor: Robe              |    23 |    27 |    35 |    31 ||   116
       Skin              |       |       |     4 |     6 ||    10
       Troll leather arm |       |       |       |    57 ||    57
       Leather armour    |       |       |       |    60 ||    60
Dodge: Dodged            |    91 |    99 |   193 |   441 ||   824
       Deflected         |       |       |     1 |     6 ||     7
Block: Other             |       |    10 |    28 |    68 ||   106
       Reflection        |       |       |     1 |     1 ||     2
